 Dungeon Crawl Stone Soup version 0.18.1-50-g88ac8fd (webtiles) character file.

317 Drunkenshrew the Charmwright (level 6, -4/55 HPs)
             Began as a Deep Dwarf Skald on Sept 22, 2016.
             Slain by an orc
             ... wielding a +0 hand axe
              (5 damage)
             ... on level 4 of the Dungeon.
             The game lasted 00:16:02 (2474 turns).

Drunkenshrew the Charmwright (Deep Dwarf Skald)     Turns: 2474, Time: 00:16:03

Health: -4/55      AC:  4    Str: 17    XL:     6   Next: 20%
Magic:  8/10       EV: 12    Int: 13    God:
Gold:   131        SH:  0    Dex: 12    Spells: 1 memorised, 9 levels left

rFire  . . .     SeeInvis .     e - +2 mace (crush)
rCold  . . .     Gourm    .     b - +1 leather armour
rNeg   + . .     Faith    .     (no shield)
rPois  .         Spirit   .     (no helmet)
rElec  .         Dismiss  .     (no cloak)
rCorr  .         Reflect  .     (no gloves)
SustAt .         Harm     .     (no boots)
MR     .....                    g - amulet of magic regeneration
Stlth  ++........               (no ring)
                                p - ring of positive energy

@: infused, non-regenerating, not resistant to hostile enchantments, unstealthy
A: damage resistance, recharge devices, sense surroundings 1, slow regeneration
3
a: Device Recharging


You were on level 4 of the Dungeon.
You were not hungry.

You visited 1 branch of the dungeon, and saw 4 of its levels.

You collected 131 gold pieces.

Inventory:

Hand Weapons
 a - a +0 hand axe
 e - a +2 mace of crushing (weapon)
Missiles
 j - 49 bolts
 o - 8 tomahawks (quivered)
Armour
 b - a +1 leather armour (worn)
Jewellery
 g - an amulet of magic regeneration (around neck)
 p - a ring of positive energy (left hand)
Wands
 d - a wand of heal wounds (0/9)
Scrolls
 n - a scroll of blinking
Potions
 h - a potion of beneficial mutation {unknown}
 i - 2 potions of flight
 k - a potion of lignification {unknown}
Books
 c - a book of Battle

   Spells                             Type                      Level
   a - Infusion                       Charms                       1
   b - Shroud of Golubria             Charms/Translocation         2
   c - Song of Slaying                Charms                       2
   d - Spectral Weapon                Hexes/Charms                 3
   e - Regeneration                   Charms/Necromancy            3
Comestibles
 f - 2 bread rations


   Skills:
 * Level 2.6 Fighting
 + Level 2.9 Axes
 + Level 2.1 Armour
 - Level 2.1 Dodging
 + Level 2.1 Stealth
 * Level 2.8 Spellcasting
 * Level 3.8 Charms
 + Level 2.5 Evocations


You had 9 spell levels left.
You knew the following spells:

 Your Spells              Type           Power        Failure   Level  Hunger
a - Infusion              Chrm           ##..         8%          1    #......


Dungeon Overview and Level Annotations

Branches:
Dungeon (4/15)
 Temple: D:4-7

Altars:


Innate Abilities, Weirdness & Mutations

You are resistant to damage.
You can recharge devices by infusing magical energy.
You passively map a small area around you.
You do not regenerate naturally.


Message History

You hit the orc!
You kill the orc!
The orc barely misses you.
Things that are here:
a hand axe; a leather armour You hit the orc.
The orc is severely wounded.
The orc barely misses you.
You barely miss the orc.
The orc is severely wounded.
The orc hits you with a mace.
* * * LOW HITPOINT WARNING * * *
You hit the orc.
You kill the orc!
You sock the orc!
You kill the orc!
You hit the orc.
You kill the orc!
You barely miss the orc. The orc hits you with a hand axe.
You die...

,#.....# #.# #.#
#.#.#######.# #.# #.
.........# ##.## ,
########.####...########
, ** #......#........# *
######...######.# .
##.## ....########.#
,*#...o@.....# *
*############ , , * , ,*
* * , , * , , , ,,, * *
* * * * * * ** *


You could see an orc.

Vanquished Creatures
  The ghost of Drunkenshrew the Charmwright, an amateur SpSk of Ru (D:3)
  2 orc priests (D:3)
  An orc wizard (D:3)
  4 adders
  An ooze (D:1)
  A worm (D:3)
  2 dart slugs (D:1)
  A giant gecko (D:1)
  10 orcs
  2 ball pythons
  7 bats
  2 giant cockroaches (D:3)
  7 goblins
  5 hobgoblins
  11 jackals
  4 kobolds
  3 quokkas
  2 giant newts
  9 rats
75 creatures vanquished.

Notes
Turn   | Place    | Note
--------------------------------------------------------------
     0 | D:1      | Drunkenshrew the Deep Dwarf Skald began the quest for the Orb.
     0 | D:1      | Reached XP level 1. HP: 19/19 MP: 3/3
    49 | D:1      | Reached skill level 1 in Stealth
    68 | D:1      | Reached XP level 2. HP: 24/26 MP: 2/4
   249 | D:1      | Reached skill level 1 in Evocations
   381 | D:1      | Reached XP level 3. HP: 15/32 MP: 6/6
   569 | D:2      | Reached skill level 3 in Charms
   643 | D:2      | Found a faded altar to an unknown god.
  1230 | D:3      | Noticed Drunkenshrew's ghost (amateur SpSk)
  1276 | D:3      | Killed Drunkenshrew's ghost
  1276 | D:3      | Reached XP level 4. HP: 12/39 MP: 7/7
  1276 | D:3      | Reached XP level 5. HP: 14/45 MP: 8/8
  1684 | D:3      | Reached XP level 6. HP: 33/55 MP: 5/10
  2470 | D:4      | HP: 1/55 [orc/mace (3)]
  2474 | D:4      | Slain by an orc

Skill      XL: |  1  2  3  4  5 |
---------------+----------------+-----
Stealth        | 1 2 |  2.1
Spellcasting   | 2 |  2.8
Evocations     | 1 2 |  2.5
Fighting       | 2 |  2.6
Charms         | 3 |  3.8
Dodging        | 2 |  2.1
Armour         | 2 |  2.1
Axes           | |  2.9

Action                   |  1- 3 |  4- 6 || total
-------------------------+-------+-------++-------
Melee: Hand axe          |   150 |   103 ||   253
       Mace              |       |    21 ||    21
Throw: Tomahawk          |       |     1 ||     1
 Cast: Infusion          |    17 |    19 ||    36
Evoke: Wand              |     2 |     3 ||     5
  Use: Scroll            |       |     6 ||     6
 Stab: Sleeping          |     1 |     2 ||     3
  Eat: Bread ration      |     1 |       ||     1
       Meat ration       |       |     1 ||     1
Armor: Leather armour    |    36 |    26 ||    62
Dodge: Dodged            |    84 |    98 ||   182
